 Dungeon Crawl Stone Soup version 0.29-a0-322-g68df515428 (webtiles) character file.

Game seed: 12842492959978637885

247 zishaf the Caller (level 5, -1/19 HPs)
             Began as a Felid Summoner on Apr 5, 2022.
             Was a Follower of Hepliaklqana.
             Slain by a phantom (7 damage)
             ... on level 5 of the Dungeon.
             The game lasted 00:09:14 (5852 turns).

zishaf the Caller (Felid Summoner)                  Turns: 5852, Time: 00:09:14

Health: -1/19      AC:  1    Str:  4    XL:     5   Next: 85%
Magic:  10/10      EV: 19    Int: 24    God:    Hepliaklqana [*.....]
Gold:   198        SH:  0    Dex: 17    Spells: 0/9 levels left
                                        Lives:  0   Deaths: 1

rFire   . . .      SeeInvis +   (weapon unavailable)
rCold   . . .      Faith    .   (shield unavailable)
rNeg    . . .      Spirit   .   (body armour unavailable)
rPois   .          Reflect  .   (helmet unavailable)
rElec   .          Harm     .   (cloak unavailable)
rCorr   .          Rampage  .   (gloves unavailable)
Will    .....                   (boots unavailable)
Stlth   +++.......              m - amulet of magic regeneration
HPRegen 0.06/turn               f - +6 ring of intelligence
MPRegen 0.52/turn               (no ring)

@: quick
A: reduced essence, very small, claws 1, fangs 3, see invisible, speed 1, shaggy
fur 1, stealthy paws, no weapons or thrown items, no armour, multi-lived
a: Renounce Religion, Recall Ancestor, Ancestor Identity


You were on level 5 of the Dungeon.
You worshipped Hepliaklqana.
Hepliaklqana was aware of your devotion.
You visited 1 branch of the dungeon, and saw 5 of its levels.

You collected 198 gold pieces.

Inventory:

Jewellery
 f - a +6 ring of intelligence (left paw)
 m - an amulet of magic regeneration (around neck)
Scrolls
 g - a scroll of silence {unknown}
 h - a scroll of amnesia {unknown}
 l - a scroll of summoning {unknown}
 p - 2 scrolls of enchant armour {unknown}
 q - a scroll of noise {unknown}
 r - a scroll of vulnerability {unknown}
 s - 2 scrolls of identify {unknown}
Potions
 a - 3 potions of magic
 b - a potion of brilliance {unknown}
 c - 4 potions of might {unknown}
 d - a potion of cancellation {unknown}
 e - a potion of heal wounds {unknown}
 i - 5 potions of curing
 j - a potion of mutation {unknown}
 k - a potion of ambrosia {unknown}
 n - a potion of haste {unknown}
 o - 2 potions of flight {unknown}
 t - a potion of degeneration {unknown}


   Skills:
 - Level 2.1 Fighting
 + Level 4.5 Dodging
 - Level 4.0 Stealth
 + Level 2.9 Spellcasting
 + Level 0.8 Hexes
 * Level 5.7 Summonings
 + Level 1.0 Translocations


You couldn't memorise any spells.
You knew the following spells:

 Your Spells              Type           Power      Damage    Failure   Level
a - Summon Small Mammal   Summ           100%       N/A       1%          1
b - Summon Guardian Gole  Hex/Summ       19%        N/A       9%          3
c - Call Imp              Summ           30%        N/A       1%          2
d - Teleport Other        Tloc           8%         N/A       22%         3

Your spell library contained the following spells:

 Spells                   Type           Power      Damage    Failure   Level
 Call Canine Familiar     Summ           30%        N/A       3%          3
 Static Discharge         Conj/Air       3%         N/A       17%         2
 Gell's Gravitas          Tloc           8%         N/A       22%         3
 Lesser Beckoning         Tloc           8%         N/A       22%         3
 Tukima's Dance           Hex            7%         N/A       22%         3
 Summon Lightning Spire   Summ/Air       17%        N/A       32%         4
 Passage of Golubria      Tloc           8%         N/A       56%         4
 Yara's Violent Unravell  Hex/Tmut       2%         3d3       94%         5
 Lightning Bolt           Conj/Air       1%         1d12      97%         5
 Dispersal                Tloc           4%         N/A       100%        6
 Maxwell's Capacitive Co  Air            1%         ∞         100%        8


Dungeon Overview and Level Annotations

Branches:
Dungeon (4/15)             Temple (0/1) D:4

Altars:
Hepliaklqana
Nemelex Xobeh
Xom
The Shining One

Shops:
D:2 [

Annotations:
D:3 1 runed translucent door, pigah's ghost, amateur OpAE


Innate Abilities, Weirdness & Mutations

Your life essence is reduced to manifest your ancestor. (-10% HP)
You have sharp claws.
You have razor-sharp teeth.
You have supernaturally acute eyesight. (SInv)
You cover ground quickly. (Speed+)
You are covered in fur. (AC +1)
Your paws help you pounce on unaware monsters.
You are incapable of wielding weapons or throwing items.
You cannot wear armour.
You gain extra lives every three experience levels.


Message History

The ufetubus misses you. x2; The adder bites Æðelind.
Your white imp hits the phantom but does no damage.
The phantom misses you.
You miss the ufetubus.
The ufetubus is heavily wounded.
The ufetubus completely misses you.
The ufetubus misses you. Æðelind misses the ufetubus.
The adder barely misses Æðelind.
Your white imp hits the phantom.
Your white imp freezes the phantom.
The phantom completely resists.
The ufetubus barely misses you. The ufetubus completely misses you.
The phantom closely misses you.
You scratch the ufetubus but do no damage.
The ufetubus is heavily wounded. Æðelind barely misses the ufetubus.
The adder bites Æðelind.
The ufetubus misses you. x2; Your white imp misses the phantom.
The phantom hits you but does no damage.
You scratch the ufetubus but do no damage.
The ufetubus is heavily wounded.
The adder bites Æðelind.
The ufetubus barely misses you.
The ufetubus hits you. Æðelind hits the ufetubus.
The ufetubus dies!
Your white imp gestures at the phantom.
The puff of frost hits the phantom.
The phantom resists.
The adder bites Æðelind.
The phantom hits you but does no damage.
You closely miss the phantom.
The phantom is lightly damaged.
The adder bites Æðelind.
Your white imp hits the phantom but does no damage.
The phantom hits your white imp.
Your white imp dies!
Your white imp disappears in a puff of smoke!
You scratch the phantom but do no damage.
The phantom is lightly damaged. Æðelind hits the adder.
The adder bites Æðelind.
The phantom completely misses you.
You scratch the phantom. You bite the phantom.
The phantom is moderately damaged.
The adder bites Æðelind. Æðelind misses the adder.
The adder bites Æðelind.
The phantom hits you!
You die...

.............##
........S###..####
.........R.......#
....?............# #
.................#.#.#.
...?.........SR.§.....>
##############§.#####.
#.......9W..#
#.......@...#
#...........#
#...=.......#
#...........# #Y#
#...........# #.#
#########.### #.# #.#
#.# #.# #.# #######
##.#####.#


You could see the friendly Æðelind the ancestor (sheltered), a phantom (ally
target), an adder (distracted, ally target) and a friendly guardian golem
(summoned).

Vanquished Creatures
  A hound (D:5)
  A white imp (D:5)
  An orc (D:4)
  A ball python (D:3)
  8 bats
  2 endoplasms (D:3)
  A giant cockroach (D:3)
  2 hobgoblins
  3 quokkas
  4 frilled lizards (D:1)
  A goblin (D:1)
  A kobold (D:1)
  10 rats
36 creatures vanquished.

Vanquished Creatures (collateral kills)
  4 crimson imps (D:3)
  2 hounds
  An iguana (D:4)
  Ijyb (D:3)
  An adder (D:3)
  An ufetubus (D:5)
  5 orcs
  An endoplasm (D:2)
  2 giant cockroaches (D:1)
  A goblin (D:1)
  3 hobgoblins
  2 kobolds
  A bat (D:1)
  2 frilled lizards
27 creatures vanquished.

Grand Total: 63 creatures vanquished

Notes
Turn   | Place    | Note
-------+----------+-------------------------------------------
     0 | D:1      | zishaf the Felid Summoner began the quest for the Orb.
     0 | D:1      | Reached XP level 1. HP: 7/7 MP: 4/4
   395 | D:1      | Reached XP level 2. HP: 11/12 MP: 6/6
   401 | D:1      | Learned a level 2 spell: Call Imp
  1087 | D:1      | Found a faded altar of an unknown god.
  1881 | D:2      | Reached XP level 3. HP: 15/15 MP: 4/7
  2306 | D:2      | Found Olid's Antique Armour Boutique.
  2459 | D:2      | Reached skill level 1 in Fighting
  2822 | D:3      | Noticed pigah's ghost (amateur OpAE)
  2831 | D:3      | Found a runed translucent door.
  2909 | D:3      | Found a hazy altar of Hepliaklqana.
  2996 | D:3      | Reached XP level 4. HP: 7/19 MP: 4/8
  3217 | D:3      | Became a worshipper of Hepliaklqana the Forgotten
  3469 | D:3      | Found a shimmering altar of Xom.
  3497 | D:3      | Reached skill level 5 in Summonings
  3497 | D:3      | Reached XP level 5. HP: 22/22 MP: 9/9
  3734 | D:3      | Noticed Ijyb
  3797 | D:3      | Slain by Ijyb
  3798 | D:3      | Reached XP level 4. HP: -1/19 MP: 8/8
  3829 | D:3      | Killed Ijyb
  3942 | D:3      | Reached XP level 5. HP: 2/22 MP: 10/10
  4218 | D:3      | Found a sparkling altar of Nemelex Xobeh.
  4418 | D:4      | Found a glowing golden altar of the Shining One.
  4601 | D:4      | Learned a level 3 spell: Summon Guardian Golem
  4605 | D:4      | Learned a level 3 spell: Teleport Other
  4863 | D:4      | Found a staircase to the Ecumenical Temple.
  5208 | D:4      | You fall into a shaft and drop 1 floor!
  5208 | D:5      | Entered Level 5 of the Dungeon
  5226 | D:5      | Noticed a sky beast
  5520 | D:5      | Reached skill level 1 in Translocations
  5695 | D:5      | Reached * piety under Hepliaklqana
  5820 | D:5      | Noticed a phantom
  5852 | D:5      | Slain by a phantom

Illustrated notes

Levels and vault maps discovered:
D:1:      dpeg_arrival_ratfight, layout_basic,
          hellmonk_ecumenical_altar_crossroads, hangedman_feature_mirror
D:2:      layout_basic, serial_shops, shop
D:3:      layout_basic, nicolae_hepliaklqana_hippocampus,
          nemelex_dance_club_becter, led_xom_imps,
          hellmonk_ghost_happy_afterlife, dk_vineyard_3, minmay_misc_feat_tower,
          uniq_ijyb
D:4:      nicolae_cairo_tiling_large_dashed, layout_basic, lemuel_tele_altar,
          kennysheep_vampire_church, minmay_temple_entry_offerings
D:5:      layout_basic, minmay_increasing_density

Skill      XL: |  1  2  3  4  5 |
---------------+----------------+-----
Stealth        | 3 4 |  4.0
Dodging        | 3 4 |  4.5
Fighting       | 1 2 |  2.1
Summonings     | 5 |  5.7
Translocations | 1 |  1.0
Spellcasting   | |  2.9
Hexes          | |  0.8

Action                   |  1- 3 |  4- 6 || total
-------------------------+-------+-------++-------
Melee: Unarmed           |   129 |    86 ||   215
       Bite              |     9 |     7 ||    16
       Punch             |     1 |       ||     1
 Cast: Summon Small Mamm |     8 |     3 ||    11
       Call Imp          |    15 |    23 ||    38
       Summon Guardian G |       |     1 ||     1
 Stab: Sleeping          |     5 |       ||     5
       Distracted        |       |     1 ||     1
Armor: Skin              |    14 |     9 ||    23
Dodge: Dodged            |   162 |   131 ||   293

Table legend: (Time is in decaauts)
 A = Elapsed time spent in this place.
 B = Non-inter-level travel time spent in this place.
 C = Inter-level travel time spent in this place.
 D = Time resting spent in this place.
 E = Time spent auto-exploring this place.
 F = Levels seen in this place.
 G = Mean time per level.
                   A        B        C        D        E       F      G
               +--------+--------+--------+--------+--------+-----+--------+
         Total |   5188 |   5059 |    129 |    968 |   3229 |   5 | 1037.6 |
       Dungeon |   5188 |   5059 |    129 |    968 |   3229 |   5 | 1037.6 |
               +--------+--------+--------+--------+--------+-----+--------+

Top non-repeatable levels by time:
     D:3: 1526 daAuts
     D:1: 1452 daAuts
     D:2: 888 daAuts
     D:4: 730 daAuts
     D:5: 590 daAuts
